 Dungeon Crawl Stone Soup version 0.24-a0-347-g1a3e1d35ff (webtiles) character file.

Game seed: 6052144038212187123

23965 MisterOstroum the Grappler (level 12, -6/128 HPs)
             Began as a Troll Hunter on May 22, 2019.
             Was a High Priest of Okawaru.
             Mangled by a nine-headed hydra (14 damage)
             ... on level 2 of the Lair of Beasts on May 23, 2019.
             The game lasted 00:34:30 (11173 turns).

MisterOstroum the Grappler (Troll Hunter)          Turns: 11173, Time: 00:34:30

Health: -6/128     AC: 12    Str: 27    XL:     12   Next: 76%
Magic:  10/12      EV: 13    Int:  7    God:    Okawaru [*****.]
Gold:   799        SH:  0    Dex: 10    Spells: 11/11 levels left

rFire    . . .     SeeInvis +     - Unarmed
rCold    . . .     Gourm    +   (no shield)
rNeg     + . .     Faith    .   x - +2 robe {rN+}
rPois    .         Spirit   .   R - +1 hat
rElec    .         Reflect  .   i - +2 cloak
rCorr    .         Harm     .   (gloves unavailable)
MR       .....                  (boots unavailable)
Stlth    +++.......             m - amulet of regeneration
HPRegen  1.11/turn              g - ring of see invisible
MPRegen  0.13/turn              K - +1 ring of evasion

@: heroism
A: large, unfitting armour, claws 3, fast metabolism 3, gourmand, regeneration
1, shaggy fur 1, tough skin 3
a: Heroism, Finesse, Renounce Religion


You were on level 2 of the Lair of Beasts.
You worshipped Okawaru.
Okawaru was extremely pleased with you.
You were completely stuffed.

You visited 3 branches of the dungeon, and saw 16 of its levels.
You also visited: Ossuary.

You collected 895 gold pieces.
You spent 96 gold pieces at shops.

Inventory:

Missiles
 a - 256 stones (quivered)
 p - 6 atropa-tipped darts
 w - 18 poisoned darts
 G - 8 datura-tipped darts
 I - 8 silver javelins
 J - 10 javelins
Armour
 i - a +2 cloak (worn)
 x - a +2 robe of positive energy (worn)
 R - a +1 hat (worn)
Jewellery
 g - a ring of see invisible (left claw)
 m - an amulet of regeneration (around neck)
 y - an uncursed ring of protection from magic
 C - an uncursed ring of fire
 K - a +1 ring of evasion (right claw)
 O - an uncursed ring of stealth {unknown}
Wands
 r - a wand of disintegration (10)
 S - a wand of scattershot (5)
Scrolls
 c - 6 scrolls of teleportation {@r3 !r}
 j - 8 scrolls of remove curse {@r2}
 s - 3 scrolls of magic mapping {@r5 !r}
 t - a scroll of amnesia {unknown}
 z - a scroll of silence
 E - 4 scrolls of enchant armour
 F - 2 scrolls of identify {@r1}
 H - a scroll of immolation {unknown}
 M - a scroll of acquirement {unknown}
 N - a scroll of torment {unknown}
 P - a scroll of fear {unknown}
Potions
 f - 6 potions of might {@q3 !q}
 h - 6 potions of heal wounds {@q2 !q}
 k - 10 potions of curing {@q1 !q}
 l - 5 potions of flight
 n - 2 potions of invisibility
 o - 3 potions of brilliance {unknown}
 q - a potion of berserk rage
 u - a potion of magic {unknown}
 v - a potion of degeneration {unknown}
 A - 3 potions of agility {@q5 !q}
 D - 2 potions of haste {unknown}
 L - 2 potions of mutation {unknown}
Miscellaneous
 B - a box of beasts
Comestibles
 e - 26 rations


   Skills:
 - Level 10.6(15.6) Fighting
 - Level 11.9(16.9) Throwing
 + Level 2.0(7.0) Dodging
 - Level 0.3(5.3) Stealth
 - Level 12.2(17.2) Unarmed Combat
 * Level 1.6 Invocations


You had 11 spell levels left.
You didn't know any spells.
Your spell library contained the following spells:

 Spells                   Type           Power        Failure   Level  Hunger
 Animate Skeleton         Necr           N/A          43%         1    ##.....
 Apportation              Tloc           #.....       43%         1    ##.....
 Pain                     Necr           #...         43%         1    ##.....
 Summon Butterflies       Summ           #.......     43%         1    ##.....
 Lesser Beckoning         Tloc           #.........   80%         3    ####...
 Regeneration             Chrm/Necr      #.........   80%         3    ####...
 Tukima's Dance           Hex            #.......     80%         3    ####...
 Vampiric Draining        Necr           #.........   80%         3    ####...
 Animate Dead             Necr           N/A          99%         4    #####..
 Alistair's Intoxication  Tmut/Pois      #.......     100%        5    ######.
 Invisibility             Hex            #.......     100%        6    #######


Dungeon Overview and Level Annotations

Branches:
Dungeon (13/15)            Temple (1/1) D:4            Lair (2/6) D:8
  Swamp: Lair:2-4    Shoals: Lair:2-4     Snake: Lair:2-4    Spider: Lair:2-4
    Orc: D:9-12      Vaults: D:13-14

Altars:
Ashenzari
Cheibriados
Dithmenos
Elyvilon
Fedhas
Gozag
Hepliaklqana
Kikubaaqudgha
Makhleb
Nemelex Xobeh
Okawaru
Qazlal
Ru
Sif Muna
Trog
Uskayaw
Vehumet
Wu Jian
Xom
Yredelemnul
Zin
The Shining One

Shops:
D:11 ?

Portals:
Trove: D:11 (show slimy rune of Zot)

Annotations:
D:6 Dowan, Duvessa
D:12 100 головая гидра!


Innate Abilities, Weirdness & Mutations

You are too large for most types of armour.
You have claws for hands.
Your metabolism is lightning-fast.
You like to eat raw meat.
Your natural rate of healing is unusually fast.
You are covered in fur. (AC +1)
You have extremely tough skin. (AC +3)


Message History

Throwing (i - inventory. (/) - cycle)
b - 3 large rocks (quivered)
Press: ? - help, Shift-Dir - straight line, f - eight-headed hydra, p - wolf
Aim: an eight-headed hydra You throw a large rock.
The large rock hits the wolf!!!
You kill the wolf!
Okawaru accepts your kill.
You hear a howl!
Throwing (i - inventory. (/) - cycle)
b - 2 large rocks (quivered)
Press: ? - help, Shift-Dir - straight line, f/p - eight-headed hydra
Aim: an eight-headed hydra You throw a large rock.
The large rock barely misses the wolf.
The large rock hits the wolf but does no damage.
The wolf misses you.
You claw the wolf!
The wolf is severely wounded.
The wolf bites you!
You barely miss the wolf. You claw the wolf.
You kill the wolf!
Okawaru accepts your kill.
You eviscerate the wolf!!!
You kill the wolf!
Okawaru accepts your kill.
Your base Dodging skill increases to level 2!
Throwing (i - inventory. (/) - cycle)
b - a large rock (quivered)
Press: ? - help, Shift-Dir - straight line, f/p - eight-headed hydra
Aim: an eight-headed hydra You throw a large rock.
The large rock hits the eight-headed hydra!!
The eight-headed hydra is moderately wounded.
Throwing (i - inventory. (/) - cycle)
a - 260 stones (quivered)
Press: ? - help, Shift-Dir - straight line, f/p - eight-headed hydra
Aim: an eight-headed hydra (moderately wounded)
You throw a stone. The stone hits the eight-headed hydra!
The eight-headed hydra is heavily wounded.
The eight-headed hydra bites you.
The eight-headed hydra completely misses you.
The eight-headed hydra closely misses you.
The eight-headed hydra bites you but does no damage.
The eight-headed hydra closely misses you.
The eight-headed hydra bites you! The eight-headed hydra misses you.
The eight-headed hydra bites you!
Throwing (i - inventory. (/) - cycle)
a - 259 stones (quivered)
Press: ? - help, Shift-Dir - straight line, f/p - eight-headed hydra
Aim: an eight-headed hydra (heavily wounded)
You throw a stone. The stone hits the eight-headed hydra.
The eight-headed hydra is heavily wounded.
The eight-headed hydra bites you! x2
The eight-headed hydra closely misses you.
The eight-headed hydra misses you.
The eight-headed hydra closely misses you.
The eight-headed hydra misses you. The eight-headed hydra bites you! x2
Throwing (i - inventory. (/) - cycle)
a - 258 stones (quivered)
Press: ? - help, Shift-Dir - straight line, f/p - eight-headed hydra
Aim: an eight-headed hydra (heavily wounded)
You throw a stone.
The stone hits the eight-headed hydra but does no damage.
The eight-headed hydra is heavily wounded.
Throwing (i - inventory. (/) - cycle)
a - 257 stones (quivered)
Press: ? - help, Shift-Dir - straight line, f/p - eight-headed hydra
Aim: an eight-headed hydra (heavily wounded)
You throw a stone. The stone hits the eight-headed hydra.
The eight-headed hydra is heavily wounded.
The eight-headed hydra closely misses you.
The eight-headed hydra bites you! The eight-headed hydra misses you.
The eight-headed hydra bites you but does no damage.
The eight-headed hydra bites you!
The eight-headed hydra bites you but does no damage. x2
The eight-headed hydra bites you.
Throwing (i - inventory. (/) - cycle)
a - 256 stones (quivered)
Press: ? - help, Shift-Dir - straight line, f/p - eight-headed hydra
Aim: an eight-headed hydra (heavily wounded)
Okay, then.
Throwing (i - inventory. (/) - cycle)
d - a throwing net (quivered)
{!f}
Press: ? - help, Shift-Dir - straight line, f/p - eight-headed hydra
Aim: an eight-headed hydra (heavily wounded) Really fire
d - a throwing net {!f}?
You throw a throwing net {!f}.
The throwing net {!f} completely misses the eight-headed hydra.
The eight-headed hydra completely misses you.
The eight-headed hydra bites you. x2
* * * LOW HITPOINT WARNING * * *
The eight-headed hydra bites you but does no damage.
The eight-headed hydra bites you.
* * * LOW HITPOINT WARNING * * *
The eight-headed hydra completely misses you.
The eight-headed hydra bites you!
* * * LOW HITPOINT WARNING * * *
The eight-headed hydra bites you but does no damage.
You claw one of the eight-headed hydra's heads off!
The seven-headed hydra grows two more!
You mangle the nine-headed hydra!! Your claw misses the nine-headed hydra.
The nine-headed hydra is severely wounded.
You barely miss the nine-headed hydra.
The nine-headed hydra is severely wounded.
The nine-headed hydra bites you!
* * * LOW HITPOINT WARNING * * *
The nine-headed hydra bites you!
* * * LOW HITPOINT WARNING * * *
The nine-headed hydra bites you!
You die...

...............
...............
..............#
..............# ###.##
..............P
###....##..............#
#......................#
#............#(D@.......
k.........(..(##........
.........(...# #.....(..
#...........# ##.......
#...<..D.... #......
#....h.....h #.....
#.....h....h P....
##.......... ....#
##P.......#


You could see a nine-headed hydra.

Vanquished Creatures
  4 hydras (Lair:1)
  A centaur warrior (D:13)
  2 two-headed ogres
  3 skeletal warriors (D:12)
  2 cyclopes
  An ugly thing (D:12)
  An elephant (D:8)
  A centaur zombie (D:13)
  Joseph (Lair:1)
  3 komodo dragons (Lair:1)
  Grinder (D:5)
  3 hippogriffs
  5 slime creatures (D:11)
  A shadow (D:11)
  A wyvern (Lair:1)
  3 hogs (D:9)
  Grum (Lair:1)
  23 yaks
  A human (D:9)
  2 basilisks
  A steam dragon (D:11)
  4 hungry ghosts
  Menkaure (D:5)
  2 insubstantial wisps (D:11)
  Edmund (D:6)
  A soldier ant (D:12)
  An acid dragon (D:12)
  2 water moccasins (Lair:1)
  8 porcupines (Lair:1)
  5 sky beasts
  3 orc warriors
  3 ice beasts
  2 phantoms
  An eye of draining (D:12)
  2 black bears
  5 ogres
  9 wolves
  5 centaurs
  2 crocodiles
  2 big kobolds
  10 bullfrogs
  A scorpion (D:9)
  5 wights
  2 electric eels (D:11)
  A bullfrog zombie (D:11)
  6 howler monkeys (D:9)
  5 crimson imps
  2 quasits
  4 hounds
  A gnoll shaman (D:4)
  2 centaur skeletons
  3 jellies
  10 orc priests
  Jessica (D:3)
  A bullfrog skeleton (D:9)
  Terence (D:3)
  2 iguanas
  Natasha (thrice) (D:2)
  7 orc wizards
  5 worker ants
  A hound zombie (D:11)
  4 mummies
  A howler monkey skeleton (D:5)
  9 adders
  4 shadow imps
  An ooze (D:3)
  5 adder zombies
  An adder skeleton (D:4)
  8 worms
  A dart slug (D:3)
  6 leopard geckos
  21 orcs
  5 bats
  3 giant cockroaches
  A goblin (D:1)
  6 hobgoblins
  8 jackals
  14 kobolds
  6 quokkas
  A ball python (D:1)
  5 frilled lizards
  A gnoll zombie (Ossuary)
  6 goblin zombies
  A hobgoblin zombie (D:4)
  A jackal skeleton (D:4)
  3 kobold zombies (Ossuary)
  3 quokka zombies (Ossuary)
  9 rats
  3 rat zombies (Ossuary)
330 creatures vanquished.

Notes
Turn   | Place    | Note
-------+----------+-------------------------------------------
     0 | D:1      | MisterOstroum the Troll Hunter began the quest for the Orb.
     0 | D:1      | Reached XP level 1. HP: 19/19 MP: 0/0
   297 | D:1      | Reached XP level 2. HP: 25/28 MP: 1/1
   541 | D:1      | Reached skill level 1 in Unarmed Combat
   910 | D:2      | Reached XP level 3. HP: 33/35 MP: 2/2
  1042 | D:2      | Found a shimmering altar of Xom.
  1179 | D:2      | Noticed Natasha
  1182 | D:2      | Killed Natasha
  1182 | D:2      | Reached XP level 4. HP: 44/44 MP: 3/3
  1240 | D:2      | Reached skill level 2 in Unarmed Combat
  1264 | D:2      | Noticed Natasha
  1269 | D:2      | Killed Natasha
  1351 | D:2      | Found a glowing golden altar of the Shining One.
  1510 | D:2      | Noticed Natasha
  1520 | D:2      | Killed Natasha
  1919 | D:3      | Reached XP level 5. HP: 51/52 MP: 4/4
  1987 | D:3      | Noticed Terence
  1991 | D:3      | Killed Terence
  2012 | D:3      | Found a blossoming altar of Fedhas.
  2029 | D:3      | Found a stormy altar of Qazlal.
  2030 | D:3      | Noticed Grinder
  2336 | D:3      | Noticed an ogre
  2346 | D:3      | Killed an ogre
  2346 | D:3      | Reached skill level 3 in Unarmed Combat
  2346 | D:3      | Reached XP level 6. HP: 60/61 MP: 5/5
  2461 | D:3      | Noticed Jessica
  2463 | D:3      | Killed Jessica
  2628 | D:4      | Reached skill level 5 in Throwing
  2698 | D:4      | Found a staircase to the Ecumenical Temple.
  2737 | Temple   | Entered the Ecumenical Temple
  2894 | Temple   | Became a worshipper of Warmaster Okawaru
  2993 | D:4      | Found an iron altar of Okawaru.
  3077 | D:4      | Found a sand-covered staircase.
  3083 | D:4      | Reached skill level 4 in Unarmed Combat
  3083 | D:4      | Reached XP level 7. HP: 68/68 MP: 6/6
  3087 | Ossuary  | Entered an ossuary
  3409 | D:4      | Found a radiant altar of Vehumet.
  3786 | D:5      | Entered Level 5 of the Dungeon
  3849 | D:5      | Paralysed by Grinder for 7 turns
  3863 | D:5      | Paralysed by Grinder for 2 turns
  3876 | D:5      | Killed Grinder
  3927 | D:5      | Noticed Menkaure
  3939 | D:5      | Killed Menkaure
  3939 | D:5      | Reached * piety under Okawaru
  3939 | D:5      | Reached skill level 5 in Unarmed Combat
  4006 | D:5      | Reached XP level 8. HP: 71/79 MP: 7/7
  4572 | D:6      | Noticed Edmund
  4588 | D:6      | Killed Edmund
  4588 | D:6      | Reached skill level 5 in Fighting
  4847 | D:6      | Noticed Dowan
  4849 | D:6      | Noticed Duvessa
  4868 | D:7      | Found an ornate altar of the Wu Jian Council.
  4868 | D:7      | Found an ancient bone altar of Kikubaaqudgha.
  4868 | D:7      | Found a hazy altar of Hepliaklqana.
  4868 | D:7      | Found a sparkling altar of Nemelex Xobeh.
  4868 | D:7      | Found a white marble altar of Elyvilon.
  4868 | D:7      | Found a basalt altar of Yredelemnul.
  4868 | D:7      | Found a shattered altar of Ashenzari.
  4886 | D:7      | Reached skill level 6 in Unarmed Combat
  4894 | D:7      | Found a shadowy altar of Dithmenos.
  5043 | D:7      | Reached ** piety under Okawaru
  5068 | D:7      | Upgraded the game from 0.24-a0-346-ge062c78e24 to
                  | 0.24-a0-347-g1a3e1d35ff
  5096 | D:7      | Reached XP level 9. HP: 89/89 MP: 8/8
  5227 | D:7      | Reached skill level 7 in Unarmed Combat
  5499 | D:8      | Reached *** piety under Okawaru
  5566 | D:8      | Found a staircase to the Lair.
  5566 | D:8      | Noticed an elephant
  5877 | D:9      | Reached skill level 8 in Unarmed Combat
  5891 | D:9      | Reached **** piety under Okawaru
  5891 | D:9      | Received a gift from Okawaru
  5891 | D:9      | Reached XP level 10. HP: 38/102 MP: 9/9
  6600 | D:8      | Killed an elephant
  7035 | D:10     | Entered Level 10 of the Dungeon
  7089 | D:10     | Noticed a two-headed ogre
  7098 | D:10     | Killed a two-headed ogre
  7098 | D:10     | Reached ***** piety under Okawaru
  7098 | D:10     | Reached skill level 9 in Unarmed Combat
  8157 | D:10     | Received a gift from Okawaru
  8279 | D:11     | Received a gift from Okawaru
  8367 | D:11     | Reached XP level 11. HP: 112/113 MP: 10/10
  8418 | D:11     | Found Vyamiewn's Magic Scroll Emporium.
  8471 | D:11     | Reached skill level 10 in Unarmed Combat
  8476 | D:11     | Received a gift from Okawaru
  8476 | D:11     | Reached skill level 10 in Throwing
  8967 | D:11     | Bought a scroll of teleportation for 36 gold pieces
  8967 | D:11     | Bought a scroll of teleportation for 36 gold pieces
  8967 | D:11     | Bought a scroll of identify for 24 gold pieces
  9316 | D:11     | Found a portal to a secret trove of treasure.
  9349 | D:12     | Noticed a cyan ugly thing
  9355 | D:12     | Killed a cyan ugly thing
  9508 | D:12     | Noticed a two-headed ogre
  9512 | D:12     | Killed a two-headed ogre
  9562 | D:12     | Noticed a skeletal warrior
  9575 | D:12     | Killed a skeletal warrior
  9617 | D:12     | Noticed a skeletal warrior
  9623 | D:12     | Noticed a skeletal warrior
  9630 | D:12     | Killed a skeletal warrior
  9630 | D:12     | Reached skill level 11 in Unarmed Combat
  9633 | D:12     | Killed a skeletal warrior
  9708 | D:12     | Noticed an eight-headed hydra
  9796 | D:13     | Noticed a centaur warrior
  9805 | D:13     | Killed a centaur warrior
  9805 | D:13     | Reached XP level 12. HP: 120/126 MP: 11/11
 10229 | Lair:1   | Entered Level 1 of the Lair of Beasts
 10230 | Lair:1   | Noticed Joseph
 10236 | Lair:1   | Killed Joseph
 10275 | Lair:1   | Received a gift from Okawaru
 10288 | Lair:1   | Noticed a five-headed hydra
 10293 | Lair:1   | Killed a five-headed hydra
 10293 | Lair:1   | Reached skill level 10 in Fighting
 10352 | Lair:1   | Received a gift from Okawaru
 10517 | Lair:1   | Noticed a seven-headed hydra
 10524 | Lair:1   | Killed a seven-headed hydra
 10632 | Lair:1   | Noticed an eight-headed hydra
 10637 | Lair:1   | Killed an eight-headed hydra
 10637 | Lair:1   | Reached skill level 12 in Unarmed Combat
 10749 | Lair:1   | Noticed a five-headed hydra
 10755 | Lair:1   | Killed a five-headed hydra
 10870 | Lair:1   | Noticed Grum
 10893 | Lair:1   | Killed Grum
 11050 | Lair:1   | Reached skill level 1 in Invocations
 11141 | Lair:2   | Noticed an eight-headed hydra
 11173 | Lair:2   | Mangled by a nine-headed hydra

Levels and vault maps discovered:
D:1:      ncdulo_smallfort, layout_loops_corners, minmay_tromino_v7
D:2:      layout_basic, lemuel_crystal_altar, first_ration,
          kennysheep_decorative_pillar, tso_altar, uniq_natasha
D:3:      layout_basic, grunt_temple_overflow_forces_of_nature, uniq_jessica,
          uniq_terence, uniq_grinder
D:4:      minmay_bubble_buster, layout_cave_pools, vehumet_crystals,
          minmay_temple_entry_drinking_statues, nicolae_ossuary_entry_giza,
          okawaru_trees_1
D:5:      layout_cave_pools, uniq_menkaure
D:6:      layout_basic, uniq_edmund, uniq_duvessa
D:7:      layout_rooms, grunt_temple_overflow_open
D:8:      layout_rooms, david_lair_generic
D:9:      layout_gridville, grunt_livestock
D:10:     layout_layer_cave
D:11:     layout_basic, enter_trove_3, serial_shops, nicolae_shop_trees,
          minmay_misc_feat_ornament, grunt_ministairs_5, hangedman_misty_isle
D:12:     layout_loops_ring, erik_orc_3, minivault_27
D:13:     layout_gridville
Temple:   chequers_temple_sunken
Lair:1:   layout_misc_corridors, serial_bayou_pond_d, grunt_megastairs_2,
          uniq_joseph, uniq_grum
Lair:2:   layout_cave_pods, mumra_transporter_accident,
          minmay_lair_oklob_chamber

Skill      XL: |  1  2  3  4  5  6  7  8  9 10 11 12 |
---------------+-------------------------------------+-----
Unarmed Combat | 1 2 3 4 5 6 8 9 11 12 | 12.2
Fighting       | 2 3 4 5 7 8 9 10 | 10.6
Throwing       | 4 5 6 7 8 9 11 | 11.9
Invocations    | 1 |  1.6
Dodging        | 2 |  2.0
Stealth        | |  0.3

Action                   |  1- 3 |  4- 6 |  7- 9 | 10-12 || total
-------------------------+-------+-------+-------+-------++-------
Melee: Unarmed           |    49 |    93 |   229 |   285 ||   656
       Punch             |       |     1 |     6 |    21 ||    28
Throw: Stone             |    49 |    83 |    86 |   198 ||   416
       Large rock        |     1 |    21 |    14 |   102 ||   138
       Throwing net      |       |     1 |       |     1 ||     2
       Boomerang         |       |       |   115 |       ||   115
       Javelin           |       |       |       |    48 ||    48
       Dart              |       |       |       |    18 ||    18
Invok: Heroism           |       |       |     3 |    11 ||    14
  Use: Scroll            |       |    10 |    10 |     5 ||    25
 Stab: Invisible         |       |       |       |     2 ||     2
  Eat: Chunk             |    16 |    18 |    37 |    53 ||   124
Armor: Robe              |    23 |    21 |    55 |    74 ||   173
Dodge: Dodged            |    22 |    28 |   119 |   132 ||   301

Table legend:
 A = Non-vault XP
 B = Vault XP
 C = Vault XP percentage of total XP
 D = Non-vault monster count
 E = Vault monster count
 F = Vault count percentage of total count
                 A         B        C        D         E       F
            +---------+---------+-------+---------+---------+-------
      Total |   28811 |    5425 |  15.8 |     269 |      61 |  18.5
            +---------+---------+-------+---------+---------+-------
        D:1 |      19 |       8 |  29.6 |      14 |       4 |  22.2
        D:2 |     131 |      35 |  21.1 |      16 |       1 |   5.9
        D:3 |     186 |      73 |  28.2 |      23 |       2 |   8.0
        D:4 |     264 |     112 |  29.8 |      12 |       7 |  36.8
        D:5 |     172 |     439 |  71.8 |       8 |       2 |  20.0
        D:6 |     293 |     169 |  36.6 |       7 |       1 |  12.5
        D:7 |    1468 |       0 |   0.0 |      28 |       0 |   0.0
        D:8 |     504 |    1024 |  67.0 |      12 |       4 |  25.0
        D:9 |    1465 |     981 |  40.1 |      28 |       5 |  15.2
       D:10 |    2127 |       0 |   0.0 |      22 |       0 |   0.0
       D:11 |    4803 |    1136 |  19.1 |      39 |       8 |  17.0
       D:12 |    4916 |       0 |   0.0 |      15 |       0 |   0.0
       D:13 |    3118 |       0 |   0.0 |       9 |       0 |   0.0
     Lair:1 |    8873 |    1358 |  13.3 |      32 |       6 |  15.8
     Lair:2 |     472 |       0 |   0.0 |       4 |       0 |   0.0
    Ossuary |       0 |      90 | 100.0 |       0 |      21 | 100.0
            +---------+---------+-------+---------+---------+-------
